 Dungeon Crawl Stone Soup version 0.30-a0-847-g17996783a1 (webtiles) character file.

Game seed: 15418268372297394743

568 Darkkill the Shooter (level 7, -4/61 HPs)
             Began as a Minotaur Hunter on Mar 3, 2023.
             Slain by Eustachio
             ... wielding a +7 heavy falchion
              (15 damage)
             ... on level 4 of the Dungeon.
             The game lasted 00:04:26 (3555 turns).

Darkkill the Shooter (Minotaur Hunter)              Turns: 3555, Time: 00:04:26

Health: -4/61      AC:  4    Str: 15    XL:     7   Next: 11%
Magic:  6/6        EV: 13    Int:  6    God:
Gold:   212        SH:  0    Dex: 16    Spells: 6/6 levels left

rFire   . . .      SeeInvis +    a - +1 shortbow
rCold   . . .      Faith    .    (shield currently unavailable)
rNeg    . . .      Spirit   .    c - +1 leather armour
rPois   .          Reflect  .    (helmet restricted)
rElec   .          Rampage  .    g - scarf {shadows}
rCorr   .                        (no gloves)
Will    .....                    (no boots)
Stlth   ++                       (no amulet)
HPRegen 0.30/turn                o - ring of see invisible
MPRegen 0.10/turn                (no ring)

@: no status effects
A: horns 2, retaliatory headbutt
a: no special abilities


You were on level 4 of the Dungeon.
You visited 1 branch of the dungeon, and saw 4 of its levels.

You collected 212 gold pieces.

Inventory:

Hand Weapons
 a - a +1 shortbow (weapon)
 t - a +0 scythe
Missiles
 d - 5 boomerangs
 f - 7 curare-tipped darts {=f !f}
 k - 30 stones
Armour
 c - a +1 leather armour (worn)
 g - a scarf of shadows (worn)
Jewellery
 o - a ring of see invisible (left hand)
 u - an amulet of the acrobat
Scrolls
 b - a scroll of immolation
 r - 3 scrolls of identify {@r1}
Potions
 e - 2 potions of berserk rage
 h - 2 potions of lignification
 i - a potion of haste {unknown}
 j - a potion of ambrosia
 l - 2 potions of brilliance {unknown}
 m - a potion of attraction {unknown}
 n - a potion of mutation {unknown}
 p - a potion of might {unknown}
 q - 2 potions of curing {unknown}
 s - 2 potions of cancellation {unknown}


   Skills:
 + Level 5.1 Fighting
 + Level 6.1 Ranged Weapons
 + Level 4.6 Dodging
 + Level 3.3 Stealth


You had 6 spell levels left.
You didn't know any spells.
Your spell library contained the following spells:

 Spells                   Type           Power      Damage    Failure   Level
 Sting                    Tmut/Pois      0%         1d3       52%         1
 Poisonous Vapours        Pois/Air       0%         N/A       67%         2
 Olgreb's Toxic Radiance  Pois           0%         N/A       99%         4


Dungeon Overview and Level Annotations

Branches:
Dungeon (4/15)
 Temple: D:4-7

Altars:

Annotations:
D:4 Eustachio


Innate Abilities, Weirdness & Mutations

You have a pair of horns on your head.
You reflexively headbutt those who attack you in melee.


Message History

s - 2 brown potions
Things that are here:
a +0 scythe; a +0 robe; the human corpse of Sigmund
t - a +0 scythe You enter the shallow water.
Moving in this stuff is going to be slow.
You enter the shallow water.
Moving in this stuff is going to be slow.
u - an amulet of the acrobat You pick up a Young Poisoner's Handbook and begin reading...
You add the spells Sting, Poisonous Vapours and Olgreb's Toxic Radiance to your library.
Your line of fire to the quokka is blocked by a plant.
Your line of fire to the quokka is blocked by a plant.
The quokka bites the plant.
The plant begins to die.
The quokka bites the plant. x2
The quokka bites the plant.
A quokka is nearby!
You shoot an arrow. The arrow hits the quokka.
The quokka is heavily wounded.
The quokka bites you but does no damage.
The quokka bites you.
A quokka is nearby!
You shoot an arrow. The arrow closely misses the quokka.
The quokka bites you.
A quokka is nearby!
You shoot an arrow. The arrow closely misses the quokka.
The quokka closely misses you. The quokka misses you.
A quokka is nearby!
You shoot an arrow. The arrow misses the quokka.
The quokka barely misses you.
A quokka is nearby!
You shoot an arrow. The arrow hits the quokka.
The quokka is almost dead.
The quokka bites you.
A quokka is nearby!
You shoot an arrow. The arrow closely misses the quokka.
The quokka misses you. You furiously retaliate!
You headbutt the quokka!
You kill the quokka!
You see here a quokka corpse.
You now have 212 gold pieces (gained 10).
A sleepcap comes into view.
Found a war axe.
You shoot an arrow. The arrow hits the sleepcap.
The sleepcap is lightly damaged.
A sleepcap is nearby!
You shoot an arrow. The arrow hits the sleepcap.
The sleepcap is moderately damaged.
Eustachio the Magnificent comes into view.
He is wielding a +7 heavy falchion.
You shoot an arrow. The arrow hits the sleepcap.
The sleepcap is heavily damaged.
You shoot an arrow. The arrow hits the sleepcap.
The sleepcap is severely damaged.
You shoot an arrow. The arrow hits the sleepcap!
The sleepcap is almost destroyed.
The sleepcap closely misses you.
You shoot an arrow. The arrow hits the sleepcap.
You destroy the sleepcap!
Eustachio hits you with a +7 heavy falchion!
You shoot an arrow. The arrow hits Eustachio.
Eustachio is lightly wounded.
Eustachio calls on the powers of shadow!
Eustachio hits you with a +7 heavy falchion!
You shoot an arrow. The arrow hits Eustachio.
Eustachio is moderately wounded.
Eustachio hits you with a +7 heavy falchion!
You are too injured to fight recklessly!
You are too injured to fight recklessly!
You are too injured to fight recklessly!
You are too injured to fight recklessly!
You are too injured to fight recklessly!
Fire: a) +1 shortbow
Press: ? - help, Q - select action, (/) - cycle Shift-Dir - straight line, f/p - Eustachio
Aim: Eustachio, wielding a +7 heavy falchion and wearing a +0 leather armour (moderately wounded, 57% to hit)
You shoot an arrow. The arrow hits Eustachio.
Eustachio is heavily wounded.
Eustachio hits you with a +7 heavy falchion!
* * * LOW HITPOINT WARNING * * *
Fire: a) +1 shortbow
Press: ? - help, Q - select action, (/) - cycle Shift-Dir - straight line, f/p - Eustachio
Aim: Eustachio, wielding a +7 heavy falchion and wearing a +0 leather armour (heavily wounded, 57% to hit)
You shoot an arrow. The arrow hits Eustachio.
Eustachio is heavily wounded.
Eustachio casts a spell.
Eustachio blinks!
Fire: a) +1 shortbow
Press: ? - help, Q - select action, (/) - cycle Shift-Dir - straight line, f/p - Eustachio
Aim: Eustachio, wielding a +7 heavy falchion and wearing a +0 leather armour (heavily wounded, 57% to hit)
You shoot an arrow. The arrow hits Eustachio.
Eustachio is heavily wounded.
Eustachio hits you with a +7 heavy falchion.
* * * LOW HITPOINT WARNING * * *
Fire: a) +1 shortbow
Press: ? - help, Q - select action, (/) - cycle Shift-Dir - straight line, f/p - Eustachio
Aim: Eustachio, wielding a +7 heavy falchion and wearing a +0 leather armour (heavily wounded, 57% to hit)
You shoot an arrow. The arrow completely misses Eustachio.
Fire: a) +1 shortbow
Press: ? - help, Q - select action, (/) - cycle Shift-Dir - straight line, f/p - Eustachio
Aim: Eustachio, wielding a +7 heavy falchion and wearing a +0 leather armour (heavily wounded, 57% to hit)
You shoot an arrow. The arrow hits Eustachio.
Eustachio is heavily wounded.
Eustachio hits you with a +7 heavy falchion!
You die...

######.♣♣r♣ ♣P
#.......P♣♣♣P♣~
#.####.♣♣♣PP♣♣♣
#......♣♣.♣ ♣P~
###.###..♣.♣♣♣♣~~
#######........†♣♣♣♣.~~
).........##......♣♣♣~≈
.....@..#.##.#...#♣ ♣~≈
####.@...##.##.## ♣~~
#.######.##.# ##. #.
#.##.# #. #. #.##.# #.
#. #.##.# ## .. #.##.#
.. #.##.# #.# # #.# #


You could see Eustachio.

Vanquished Creatures
  Sigmund (D:4)
  An ogre (D:4)
  A phantom (D:4)
  A scorpion (D:4)
  A sleepcap (D:4)
  An orc wizard (D:3)
  4 adders
  An ufetubus (D:4)
  A worm (D:3)
  4 dart slugs
  4 orcs
  3 bats (D:2)
  3 endoplasms
  3 giant cockroaches
  5 goblins
  3 hobgoblins (D:2)
  7 jackals
  6 kobolds
  7 quokkas
  6 ball pythons
  2 frilled lizards
  3 rats (D:3)
68 creatures vanquished.

Vanquished Creatures (others)
  A plant (D:4)
1 creature vanquished.

Grand Total: 69 creatures vanquished

Notes
Turn   | Place    | Note
-------+----------+-------------------------------------------
     0 | D:1      | Darkkill the Minotaur Hunter began the quest for the Orb.
     0 | D:1      | Reached XP level 1. HP: 18/18 MP: 0/0
    33 | D:1      | Reached skill level 1 in Stealth
    99 | D:1      | Reached XP level 2. HP: 25/25 MP: 1/1
   972 | D:2      | Reached XP level 3. HP: 23/31 MP: 2/2
  1540 | D:3      | Found a faded altar of an unknown god.
  1610 | D:3      | Reached XP level 4. HP: 15/38 MP: 3/3
  1966 | D:3      | Reached skill level 5 in Ranged Weapons
  2783 | D:4      | Noticed an ogre
  2789 | D:4      | HP: 8/40 [ogre/+0 giant club (10)]
  2792 | D:4      | Killed an ogre
  2793 | D:4      | Reached XP level 5. HP: 26/46 MP: 4/4
  2895 | D:4      | Reached XP level 6. HP: 38/53 MP: 5/5
  3277 | D:4      | Noticed Sigmund
  3284 | D:4      | Killed Sigmund
  3285 | D:4      | Reached skill level 5 in Fighting
  3285 | D:4      | Reached skill level 6 in Ranged Weapons
  3285 | D:4      | Reached XP level 7. HP: 52/61 MP: 6/6
  3544 | D:4      | Noticed Eustachio
  3553 | D:4      | HP: 10/61 [Eustachio/+7 heavy falchion (6)]
  3555 | D:4      | Slain by Eustachio

Illustrated notes

Levels and vault maps discovered:
D:1:      dpeg_arrival_stonehenge_8_columns, layout_loops_ring,
          amcnicky_mini_pool_small
D:2:      layout_loops_ring
D:3:      kennysheep_big_flooded_room, layout_basic, serial_forest,
          infiniplex_forest_lined_corner, infiniplex_forest_clump_double,
          infiniplex_forest_clump_medium, infiniplex_forest_clump_diagonal,
          infiniplex_forest_clump_long, hellmonk_ecumenical_altar_heavens_door,
          roderic_roman_lattice, item_on_display_a
D:4:      layout_loops_ring, wad_woods_river_04, minmay_misc_feat_five,
          serial_bayou_pond_e, kennysheep_orc_chapel, uniq_eustachio,
          uniq_sigmund

Skill      XL: |  1  2  3  4  5  6 |
---------------+-------------------+-----
Stealth        | 1 2 3 |  3.3
Fighting       | 3 4 5 |  5.1
Dodging        | 3 4 |  4.6
Ranged Weapons | 5 6 |  6.1

Action                     |  1- 3 |  4- 6 |  7- 9 || total
---------------------------+-------+-------+-------++-------
   Fire: Shortbow          |   112 |    87 |    19 ||   218
    Use: Scroll            |     5 |     5 |       ||    10
         Potion            |       |     2 |       ||     2
 Armour: Leather armour    |    20 |    18 |     1 ||    39
  Dodge: Dodged            |    36 |    36 |     5 ||    77

Table legend: (Time is in decaauts)
 A = Elapsed time spent in this place.
 B = Non-inter-level travel time spent in this place.
 C = Inter-level travel time spent in this place.
 D = Time resting spent in this place.
 E = Time spent auto-exploring this place.
 F = Levels seen in this place.
 G = Mean time per level.
                   A        B        C        D        E       F      G
               +--------+--------+--------+--------+--------+-----+--------+
         Total |   3627 |   3487 |    140 |    127 |   2942 |   4 |  906.8 |
       Dungeon |   3627 |   3487 |    140 |    127 |   2942 |   4 |  906.8 |
               +--------+--------+--------+--------+--------+-----+--------+

Top non-repeatable levels by time:
     D:3: 1212 daAuts
     D:4: 859 daAuts
     D:2: 821 daAuts
     D:1: 734 daAuts

Table legend:
 A = Kills in this place as a percentage of kills in the entire game.
 B = Kills by you in this place as a percentage of kills by you in the entire game.
 C = Kills by friends in this place as a percentage of kills by friends in the entire game.
 D = Other kills in this place as a percentage of other kills in the entire game.
 E = Experience gained in this place as a percentage of experience gained in the entire game.
 F = Experience gained in this place divided by the number of levels of this place that you have seen.
                   A       B       C       D       E      F
               +-------+-------+-------+-------+-------+----------------------
         Total | 100.0 | 100.0 |   N/A |   N/A | 100.0 | 203.0
       Dungeon | 100.0 | 100.0 |   N/A |   N/A | 100.0 | 203.0
               +-------+-------+-------+-------+-------+----------------------
